 Dungeon Crawl Stone Soup version 0.17-a0-1133-gfb1399f (webtiles) character file.

98 InterDimensionalOwl the Sneak (level 4, -6/21 HPs)
             Began as a Spriggan Enchanter on May 25, 2015.
             Mangled by a gnoll
             ... wielding a +0 halberd
              (8 damage)
             ... on level 3 of the Dungeon.
             The game lasted 00:15:08 (1883 turns).

InterDimensionalOwl the Sneak (Spriggan Enchanter)  Turns: 1883, Time: 00:15:08

Health: -6/21      AC:  3    Str:  9      XL:     4   Next: 43%
Magic:  6/10       EV: 13    Int: 16      God:
Gold:   100        SH:  0    Dex: 15 (17) Spells: 2 memorised, 7 levels left

rFire  . . .     SeeInvis +     o - +1 dagger (elec)
rCold  . . .     Clarity  .     b - +1 robe
rNeg   . . .     SustAt   .     (shield restricted)
rPois  .         Gourm    .     (helmet restricted)
rElec  .         Spirit   .     (no cloak)
rCorr  .         Warding  .     (gloves unavailable)
rMut   .         Stasis   .     (boots unavailable)
MR     .....                    (no amulet)
Stlth  +++.......               (no ring)
                                (no ring)

@: mighty, very slightly contaminated, very quick, not resistant to hostile
enchantments, fairly stealthy
A: unfitting armour, see invisible, herbivore 3, speed 3, slow metabolism 2
a: no special abilities


You were on level 3 of the Dungeon.
You were not hungry.

You visited 1 branch of the dungeon, and saw 3 of its levels.

You collected 100 gold pieces.

Inventory:

Hand weapons
 a - a +1 dagger
 i - a +4 short sword
 o - a +1 dagger of electrocution (weapon)
 r - a +0 short sword of venom
Missiles
 h - 13 poisoned needles
 s - 89 stones (quivered)
Armour
 b - a +1 robe (worn)
Scrolls
 e - 2 scrolls of remove curse
 p - a scroll of identify
 t - a scroll of blinking
Potions
 g - 2 potions of cancellation
Books
 c - a book of Maledictions

   Spells                             Type                      Level
   a - Corona                         Hexes                        1
   b - Ensorcelled Hibernation        Hexes/Ice                    2
   c - Confuse                        Hexes                        3
   d - Tukima's Dance                 Hexes                        3
   e - Dazzling Spray                 Conjuration/Hexes            3
Comestibles
 d - 2 bread rations
 f - 2 fruits
 k - a slice of pizza
 n - a meat ration


   Skills:
 * Level 3.1 Short Blades
 - Level 3.0 Dodging
 * Level 5.6 Stealth
 + Level 3.6 Spellcasting
 + Level 3.9 Hexes


You had 7 spell levels left.
You knew the following spells:

 Your Spells              Type           Power        Failure   Level  Hunger
a - Corona                Hex            ###....      4%          1    None
b - Ensorcelled Hibernat  Hex/Ice        #.....       14%         2    ##.....


Dungeon Overview and Level Annotations

Branches:
Dungeon (3/15)

Altars:


Innate Abilities, Weirdness & Mutations

You are tiny and cannot use many weapons and most armour.
You have supernaturally acute eyesight.
You are a herbivore.
You cover ground extremely quickly.
You need consume almost no food.


Message History

Your extra speed is starting to run out.
You start resting.
You feel yourself slow down.
You climb downwards.
The gnoll closely misses you. The gnoll hits you but does no damage.
The gnoll hits you with a halberd.
There is a stone staircase leading up here.
Casting: Ensorcelled Hibernation
Confirm with . or Enter, or press ? or * to list all spells.
Aiming: Ensorcelled Hibernation
Press: ? - help, Shift-Dir - straight line, f - gnoll
Aim: a gnoll, wielding a halberd (chance to defeat MR: 50%)
You miscast Ensorcelled Hibernation.
You feel a strange surge of energy! The gnoll closely misses you.
The gnoll misses you. The gnoll misses you.
You hit the gnoll.
The gnoll is heavily wounded.
The gnoll completely misses you. The gnoll hits you with a halberd!
Ouch! That really hurt!
* * * LOW HITPOINT WARNING * * *
The gnoll hits you with a halberd!
You die...

#####..(.(.
#........$.
#.........
#.....(.+
#.......+
#...(...#
#.g.....+
#g@.....#
#..g....#
#.......+
#.......#
######+##


You could see 3 gnolls.

Vanquished Creatures
  4 adders
  2 giant geckos (D:2)
  10 bats
  3 giant cockroaches
  8 goblins
  8 hobgoblins
  9 kobolds
  A quokka (D:1)
  2 ball pythons
  6 giant newts
  6 rats
59 creatures vanquished.

Notes
Turn   | Place    | Note
--------------------------------------------------------------
     0 | D:1      | InterDimensionalOwl the Spriggan Enchanter began the quest for the Orb.
     0 | D:1      | Reached XP level 1. HP: 9/9 MP: 5/5
   149 | D:1      | Reached XP level 2. HP: 7/13 MP: 7/7
   153 | D:1      | Learned a level 2 spell: Ensorcelled Hibernation
   390 | D:1      | Reached skill level 5 in Stealth
   506 | D:1      | Reached XP level 3. HP: 16/16 MP: 6/8
  1105 | D:2      | Reached XP level 4. HP: 17/21 MP: 10/10
  1883 | D:3      | Mangled by a gnoll

Vault maps used:
D:1:      dpeg_arrival_orchard, minmay_misc_feat_doors, st_stairs_9
D:2:      grunt_decor_one_mirror, lexackson_kobold_supper
D:3:      uniq_iyjb

Action                   |  1- 3 |  4- 6 || total
-------------------------+-------+-------++-------
Melee: Dagger            |    36 |    32 ||    68
       Short sword       |    40 |       ||    40
Throw: Stone             |       |     9 ||     9
 Cast: Corona            |    12 |     1 ||    13
       Ensorcelled Hiber |     9 |     7 ||    16
  Use: Scroll            |     2 |     1 ||     3
       Potion            |       |     4 ||     4
 Stab: Sleeping          |    23 |     9 ||    32
